 Dungeon Crawl Stone Soup version 0.31.0-32-g396128a36d (webtiles) character file.

Game seed: 15937774579364219007

34 monsoonserge the Ruffian (level 3, -1/28 HPs)
             Began as a Gnoll Shapeshifter on Mar 26, 2024.
             Slain by Terence
             ... wielding a +0 trident
              (5 damage)
             ... on level 2 of the Dungeon.
             The game lasted 00:02:26 (958 turns).

monsoonserge the Ruffian (Gnoll Shapeshifter)        Turns: 958, Time: 00:02:26

Health: -1/28      AC:  8    Str: 15    XL:     3   Next: 31%
Magic:  13/13      EV:  8    Int:  9    God:
Gold:   102        SH:  0    Dex: 11    Spells: 3/3 levels left

rFire   . .          .
                       - Unarmed
rCold   . . .        (no shield)
rNeg    . . .        j - +0 chain mail
rPois   .            (helmet currently unavailable)
rElec   .            (cloak currently unavailable)
rCorr   .            (gloves currently unavailable)
SInv    .            (boots currently unavailable)
Will    .....        (no amulet) Stlth
                     g - ring of magical power
HPRegen 0.24/turn    (no ring)
MPRegen 0.13/turn

%: no passive effects
@: beast-form
A: beast (slay +3), fangs 1, strong nose, distributed training
a: Begin Untransformation


You were on level 2 of the Dungeon.
You were a hulking beast.
You visited 1 branch of the dungeon, and saw 2 of its levels.

You collected 102 gold pieces.

Inventory:

Armour
 a - a +0 animal skin
 e - a +0 cloak
 j - a +0 chain mail (worn)
 k - a +0 ring mail
 r - a +0 scale mail
Jewellery
 g - a ring of magical power (left hand)
Talismans
 c - a beast talisman
 d - a flux talisman
Scrolls
 h - 2 scrolls of immolation {unknown}
 i - a scroll of blinking {unknown}
 m - a scroll of vulnerability {unknown}
 n - 2 scrolls of amnesia {unknown}
 o - a scroll of enchant armour {unknown}
 p - a scroll of identify {unknown}
 q - a scroll of fear {unknown}
Potions
 b - a potion of lignification
 f - 2 potions of haste {unknown}
 l - a potion of cancellation {unknown}


   Skills:
 + Level 2.6 Fighting
 + Level 0.8 Short Blades
 + Level 0.8 Long Blades
 + Level 0.8 Axes
 + Level 0.8 Maces & Flails
 + Level 0.8 Polearms
 + Level 0.8 Staves
 + Level 0.8 Ranged Weapons
 + Level 0.8 Throwing
 + Level 0.8 Armour
 + Level 4.5 Dodging
 + Level 0.8 Stealth
 + Level 0.8 Shields
 + Level 6.5 Unarmed Combat
 + Level 0.8 Spellcasting
 + Level 0.5 Conjurations
 + Level 0.5 Hexes
 + Level 0.5 Summonings
 + Level 0.5 Necromancy
 + Level 0.5 Translocations
 + Level 0.5 Fire Magic
 + Level 0.5 Ice Magic
 + Level 0.5 Air Magic
 + Level 0.5 Earth Magic
 + Level 0.5 Alchemy
 + Level 1.0 Invocations
 + Level 0.8 Evocations
 + Level 6.5 Shapeshifting


You had 3 spell levels left.
You didn't know any spells.
Your spell library contained the following spells:

 Spells                   Type           Power      Damage    Failure   Level
 Freeze                   Ice            4%         1d3       99%         1
 Frozen Ramparts          Ice            2%         1d1       100%        3
 Hailstorm                Conj/Ice       1%         3d5       100%        3


Dungeon Overview and Level Annotations

Branches:
Dungeon (2/15)

Altars:
Xom

Annotations:
D:2 Terence


Innate Abilities, Weirdness & Mutations

You are a hulking beast.
Your limbs bulge with bestial killing power. (Slay +3)
You have very sharp teeth.
Your uncanny sense of smell can sniff out nearby items.
Your experience applies equally to all skills.


Message History

You see here a ball python corpse.
You barely miss the quokka. The quokka barely misses you.
You closely miss the quokka.
Terence shouts, "ATTACK!!!"
Terence hits you from afar with a +0 trident.
The quokka completely misses you.
You hit the quokka.
The quokka is almost dead.
The quokka completely misses you. Terence hits you but does no damage.
You hit the quokka.
You kill the quokka!
Terence hits you from afar with a +0 trident.
Your Invocations skill increases to level 1!
Terence hits you but does no damage.
You see here a quokka corpse.
Terence screams, "I'm going to kill you!"
Terence hits you with a +0 trident.
You see here a ball python corpse.
You hit Terence but do no damage. Terence hits you with a +0 trident.
You barely miss Terence. Terence hits you with a +0 trident.
You barely miss Terence. Terence hits you but does no damage.
You barely miss Terence. You punch Terence, but do no damage.
Terence screams, "I want your blood!" Terence closely misses you.
You hit Terence but do no damage. Your bite misses Terence.
You barely miss Terence. You bite Terence, but do no damage.
Terence hits you with a +0 trident!
You hit Terence but do no damage. Terence hits you but does no damage.
You hit Terence. Your bite misses Terence.
Terence is moderately wounded.
Terence barely misses you.
You barely miss Terence.
Terence is moderately wounded.
Terence hits you with a +0 trident!
* * * LOW HITPOINT WARNING * * *
You hit Terence. Your punch misses Terence.
Terence is heavily wounded.
Terence hits you with a +0 trident.
You die...
Terence says, "That felt goooood."

.####.##.######
.#.....#÷#....#
..........>...#
.#.#..<#.#....#
.#.#.#.#.#....#
.#.#.#.#.#
##.###
.#.#...#..
#....#
.#.#######
#..#†########
.#..
..####@h.......
.###
........#######
..
...............
......#.#######
### ......#.#
..# ......#.#
#.# #.....#.#
#.#### #....
#.# .....# #...
#.#


You could see Terence.

Vanquished Creatures
  A dart slug (D:1)
  3 endoplasms (D:1)
  3 giant cockroaches (D:1)
  3 goblins
  2 hobgoblins (D:1)
  3 kobolds
  A quokka (D:2)
  3 ball pythons
  2 bats (D:1)
  3 frilled lizards
  6 rats
30 creatures vanquished.

Notes
Turn   | Place    | Note
-------+----------+-------------------------------------------
     0 | D:1      | monsoonserge the Gnoll Shapeshifter began the quest for the
                  | Orb.
     0 | D:1      | Reached XP level 1. HP: 17/17 MP: 1/1
    66 | D:1      | Reached XP level 2. HP: 20/23 MP: 2/2
   547 | D:1      | Reached XP level 3. HP: 28/28 MP: 3/3
   672 | D:2      | Found a shimmering altar of Xom.
   937 | D:2      | Noticed Terence
   947 | D:2      | Reached skill level 1 in Invocations
   958 | D:2      | Slain by Terence

Illustrated notes

Levels and vault maps discovered:
D:1:      wander_arrival_desolate, layout_rooms, serial_forest,
          infiniplex_forest_lined_4_way, infiniplex_forest_lined_room_2,
          infiniplex_forest_lined_3, infiniplex_forest_side_room,
          infiniplex_forest_clump_large, infiniplex_forest_pool,
          infiniplex_forest_lined_1, infiniplex_forest_lined_ring,
          minmay_misc_feat_square
D:2:      layout_basic, basic_altar, minmay_pentomino_q2, uniq_sigmund,
          uniq_terence

Skill      XL: |  1  2  3 |
---------------+----------+-----
Invocations    | 1 |  1.0
Fighting       | |  2.6
Short Blades   | |  0.8
Long Blades    | |  0.8
Axes           | |  0.8
Maces & Flails | |  0.8
Polearms       | |  0.8
Staves         | |  0.8
Ranged Weapons | |  0.8
Throwing       | |  0.8
Armour         | |  0.8
Dodging        | |  4.5
Stealth        | |  0.8
Shields        | |  0.8
Unarmed Combat | |  6.5
Spellcasting   | |  0.8
Conjurations   | |  0.5
Hexes          | |  0.5
Summonings     | |  0.5
Necromancy     | |  0.5
Translocations | |  0.5
Fire Magic     | |  0.5
Ice Magic      | |  0.5
Air Magic      | |  0.5
Earth Magic    | |  0.5
Alchemy        | |  0.5
Evocations     | |  0.8
Shapeshifting  | |  6.5

Action                     || total
---------------------------++-------
  Melee: Unarmed           ||    65
         Bite              ||     3
         Punch             ||     1
 Armour: Animal skin       ||    11
         Ring mail         ||    10
         Chain mail        ||    13
  Dodge: Dodged            ||    37
